 Dungeon Crawl Stone Soup version 0.30-a0-1160-g6e42c06551 (webtiles) character file.

Game seed: 15083575854798775460

26784 cheesebisquit the Grappler (level 13, -2/199 HPs)
             Began as a Troll Fighter on Apr 25, 2023.
             Was an Elder of Wu Jian.
             Slain by a 14-headed hydra (10 damage)
             ... on level 1 of the Lair of Beasts.
             The game lasted 00:42:06 (11947 turns).

cheesebisquit the Grappler (Troll Fighter)         Turns: 11947, Time: 00:42:07

Health: -2/199     AC: 26    Str: 27    XL:     13   Next: 0%
Magic:  12/12      EV:  1    Int:  8    God:    Wu Jian [****..]
Gold:   269        SH:  0    Dex:  9    Spells: 6/12 levels left

rFire   . .          .
                       - Unarmed
rCold   . . .        b - +1 kite shield
rNeg    . . .        F - melded +1 acid dragon scales
rPois   +            v - melded +2 hat
rElec   .            k - melded +2 cloak {rPois}
rCorr   .            (gloves unavailable)
SInv    .            (boots unavailable)
Will    +....        (no amulet)
Stlth   +            z - ring of willpower
HPRegen 1.33/turn    i - ring of poison resistance
MPRegen 0.13/turn

%: no passive effects
@: confused, tree-form, ambrosia-drunk
A: stationary, stasis, torment immunity, boosted hp, large, unfitting armour,
(claws 3), regeneration 1, (shaggy fur 1), (tough skin 1)
a: Renounce Religion, Wall Jump, Serpent's Lash


You were on level 1 of the Lair of Beasts.
You worshipped Wu Jian.
Wu Jian was greatly pleased with you.
You were a tree.
You visited 3 branches of the dungeon, and saw 15 of its levels.

You collected 809 gold pieces.
You spent 540 gold pieces at shops.

Inventory:

Hand Weapons
 J - a +2 giant spiked club
Missiles
 f - 25 poisoned darts (quivered)
Armour
 a - a +0 robe
 b - a +1 kite shield (worn)
 c - a +2 robe of fire resistance
 k - a +2 cloak of poison resistance (melded)
 m - a scarf of repulsion
 v - a +2 hat (melded)
 F - +1 acid dragon scales (melded)
 H - +0 steam dragon scales
Jewellery
 i - a ring of poison resistance (right branch)
 z - a ring of willpower (left branch)
 L - a ring of protection from cold
 M - a +6 ring of dexterity
Wands
 o - a wand of digging (4)
 u - a wand of iceblast (30)
 B - a wand of flame (7)
 E - a wand of paralysis (10)
Scrolls
 e - a scroll of fear {unknown}
 g - 3 scrolls of teleportation
 n - 2 scrolls of magic mapping
 p - a scroll of fog {unknown}
 y - 2 scrolls of vulnerability
 A - a scroll of brand weapon {unknown}
 C - 2 scrolls of butterflies
 D - 2 scrolls of noise
 K - a scroll of amnesia {unknown}
 N - a scroll of blinking {unknown}
Potions
 d - a potion of ambrosia
 h - 2 potions of attraction
 j - 4 potions of flight
 q - a potion of cancellation
 r - 2 potions of resistance
 s - 3 potions of brilliance
 t - 2 potions of mutation
 x - 2 potions of magic
 O - a potion of might


   Skills:
 + Level 10.2 Fighting
 + Level 8.4 Dodging
 + Level 11.1 Shields
 * Level 12.0 Unarmed Combat


You had 6 spell levels left.
You knew the following spells:

 Your Spells              Type           Power      Damage    Failure   Level
a - Statue Form           Tmut/Erth      0%         N/A       100%        6

Your spell library contained the following spells:

 Spells                   Type           Power      Damage    Failure   Level
 Sandblast                Erth           0%         2d4       56%         1
 Summon Small Mammal      Summ           0%         N/A       56%         1
 Passwall                 Tmut/Erth      0%         N/A       71%         2
 Call Canine Familiar     Summ           0%         N/A       90%         3
 Stone Arrow              Conj/Erth      0%         3d7       90%         3
 Summon Guardian Golem    Hex/Summ       0%         N/A       90%         3
 Leda's Liquefaction      Hex/Erth       0%         N/A       100%        4
 Passage of Golubria      Tloc           0%         N/A       100%        4
 Lee's Rapid Deconstruct  Erth           0%         3d4*      100%        5
 Silence                  Hex/Air        0%         N/A       100%        5
 Lehudib's Crystal Spear  Conj/Erth      0%         10d2      100%        8


Dungeon Overview and Level Annotations

Branches:
Dungeon (13/15)            Temple (1/1) D:5            Lair (1/5) D:11
    Orc (0/2) D:10         Vaults (0/5) D:13

Altars:
Ashenzari
Cheibriados
Dithmenos
Elyvilon
Fedhas
Gozag
Hepliaklqana
Kikubaaqudgha
Makhleb
Nemelex Xobeh
Okawaru
Qazlal
Ru
Sif Muna
Trog
Uskayaw
Vehumet
Wu Jian
Xom
Yredelemnul
Zin
The Shining One

Shops:
D:13 :

Portals:
Trove: D:12 (give +4 storm dragon scales)

Annotations:
D:10 exclusion: ice statue


Innate Abilities, Weirdness & Mutations

You are a tree.
Your roots penetrate the ground, keeping you stationary.
You cannot be teleported.
You are immune to unholy pain and torment.
Your maximum health is greatly increased.
Your equipment is partially melded.
You are too large for most types of armour.
((You have claws for hands.))
Your natural rate of healing is unusually fast.
((You are covered in fur. (AC +1)))
((You have tough skin. (AC +1)))


Message History

The 14-headed hydra completely misses you.
You block the 14-headed hydra's attack.
The 14-headed hydra bites you but does no damage.
The 14-headed hydra bites you!
* * * LOW HITPOINT WARNING * * *
The 14-headed hydra bites you but does no damage.
Okay, then.
Okay, then.
Really quaff the potion of lignification?
You turn into a tree.
Your +2 cloak of poison resistance melds into your body.
Your +2 hat melds into your body.
Your +1 acid dragon scales melds into your body.
Your roots penetrate the ground.
The 14-headed hydra bites you but does no damage. x3
You block the 14-headed hydra's attack.
The 14-headed hydra bites you but does no damage. x2
You block the 14-headed hydra's attack. x2
The 14-headed hydra bites you but does no damage. x3
You block the 14-headed hydra's attack. The 14-headed hydra barely misses you.
The 14-headed hydra bites you but does no damage.
You are confused.
You feel invigorated.
The 14-headed hydra completely misses you.
The 14-headed hydra bites you but does no damage. x13
You cannot move. (Use ctrl+direction or * direction to attack while stationary and confused.)
You smack the 14-headed hydra!
The 14-headed hydra is severely wounded.
The 14-headed hydra looks more healthy.
The 14-headed hydra bites you.
* * * LOW HITPOINT WARNING * * *
The 14-headed hydra bites you!
* * * LOW HITPOINT WARNING * * *
The 14-headed hydra bites you.
* * * LOW HITPOINT WARNING * * *
The 14-headed hydra bites you.
* * * LOW HITPOINT WARNING * * *
The 14-headed hydra bites you.
* * * LOW HITPOINT WARNING * * *
The 14-headed hydra bites you!
You die...

.#...~.~.~.~.~.~.~..#
.##♣~.~.~.~.~.~.~.♣.#
.# ~~~~...~~~......#
.# ♣..~..~.~~.~~...#
.# .~.~~.~..~.~♣###
.# ♣.~.~~..~.~♣# ..
..~.~.~~..#
..~~(.♣...###
..♣♣.♣###♣D.# . #..
#P().# #.....(....#
#.........##
#...##..... .#..
#....## ..# #.#..# ..
##...P


You could see a 14-headed hydra.

Vanquished Creatures
  Frances (D:13)
  Josephine (D:10)
  3 vault guards (D:13)
  A hydra (D:12)
  2 centaur warriors (D:13)
  5 two-headed ogres
  A flayed ghost (D:11)
  Pikel (D:6)
  An orc knight (D:13)
  2 deep elf pyromancers
  An ugly thing (D:12)
  A manticore (D:13)
  3 gargoyles (D:13)
  2 efreet (D:13)
  2 komodo dragons
  A rime drake (D:11)
  A cane toad (Lair:1)
  5 trolls
  A polar bear (D:11)
  A hornet (D:7)
  Prince Ribbit (D:9)
  3 meliai (D:13)
  A slime creature (D:12)
  Sigmund (D:5)
  A spriggan (shapeshifter) (D:10)
  A shadow (D:12)
  8 wraiths
  16 yaks
  A vampire (D:11)
  3 wyverns
  5 steam dragons
  A basilisk (D:11)
  A vampire mosquito (D:11)
  2 acid dragons
  A water moccasin (D:5)
  Duvessa (D:5)
  A black bear (D:5)
  4 orc warriors
  6 ice beasts
  4 wolves
  6 centaurs
  An ogre (D:5)
  A phantom (D:6)
  3 kobold brigands
  2 bullfrogs
  5 scorpions
  6 wights
  Dowan (D:5)
  9 killer bees
  2 electric eels
  A howler monkey (D:5)
  A crimson imp (D:7)
  4 hounds
  A jelly (D:7)
  6 orc priests
  Crazy Yiuf (D:2)
  3 sleepcaps
  4 iguanas
  Natasha (thrice) (D:2)
  15 orc wizards
  4 adders
  A shadow imp (D:7)
  4 white imps
  2 worms (D:2)
  3 dart slugs
  46 orcs
  5 bats
  5 endoplasms
  7 giant cockroaches
  5 goblins
  7 hobgoblins
  4 jackals (D:5)
  31 kobolds
  6 quokkas
  8 ball pythons
  3 frilled lizards
  5 rats
319 creatures vanquished.

Vanquished Creatures (others)
  An ogre mage (D:13)
  A wizard (D:13)
  An adder (D:6)
3 creatures vanquished.

Grand Total: 322 creatures vanquished

Notes
Turn   | Place    | Note
-------+----------+-------------------------------------------
     0 | D:1      | cheesebisquit the Troll Fighter began the quest for the
                  | Orb.
     0 | D:1      | Reached XP level 1. HP: 22/22 MP: 0/0
    36 | D:1      | Reached XP level 2. HP: 29/29 MP: 1/1
   508 | D:2      | Reached XP level 3. HP: 36/36 MP: 2/2
   547 | D:2      | Noticed Natasha
   553 | D:2      | Killed Natasha
   604 | D:2      | Noticed Natasha
   613 | D:2      | Killed Natasha
   614 | D:2      | Reached skill level 3 in Unarmed Combat
   614 | D:2      | Reached XP level 4. HP: 40/45 MP: 3/3
   673 | D:2      | Noticed Natasha
   681 | D:2      | Killed Natasha
   714 | D:2      | Found a runed translucent door.
   715 | D:2      | Noticed Crazy Yiuf
   912 | D:2      | Killed Crazy Yiuf
   913 | D:2      | Reached XP level 5. HP: 11/53 MP: 4/4
  1372 | D:3      | Found a stormy altar of Qazlal.
  1868 | D:4      | Reached skill level 4 in Unarmed Combat
  1868 | D:4      | Reached XP level 6. HP: 62/62 MP: 5/5
  2788 | D:5      | Entered Level 5 of the Dungeon
  2831 | D:5      | Reached XP level 7. HP: 70/70 MP: 6/6
  2909 | D:5      | Reached skill level 5 in Shields
  2909 | D:5      | Reached skill level 5 in Unarmed Combat
  3026 | D:5      | Noticed Duvessa
  3028 | D:5      | Noticed Dowan
  3040 | D:5      | Reached skill level 5 in Fighting
  3040 | D:5      | Reached XP level 8. HP: 28/80 MP: 7/7
  3044 | D:5      | Killed Duvessa
  3045 | D:5      | Killed Dowan
  3059 | D:5      | Noticed Sigmund
  3071 | D:5      | Killed Sigmund
  3072 | D:5      | Reached skill level 6 in Unarmed Combat
  3240 | D:5      | You fall into a shaft and drop 2 floors!
  3262 | D:7      | Noticed a hornet
  3270 | D:7      | Killed a hornet
  3330 | D:6      | Found a glowing golden altar of the Shining One.
  3449 | D:6      | Reached skill level 7 in Unarmed Combat
  3507 | D:5      | Reached XP level 9. HP: 64/89 MP: 8/8
  3583 | D:5      | Found a staircase to the Ecumenical Temple.
  3589 | Temple   | Entered the Ecumenical Temple
  3682 | Temple   | Became a worshipper of the Wu Jian Council
  3941 | D:5      | Found a basalt altar of Yredelemnul.
  3941 | D:5      | Found a broken altar of Ashenzari.
  3941 | D:5      | Found an iron altar of Okawaru.
  4387 | D:6      | Noticed Pikel
  4396 | D:6      | Killed Pikel
  4397 | D:6      | Reached skill level 8 in Unarmed Combat
  4408 | D:6      | Found a shimmering blue altar of Sif Muna.
  4683 | D:6      | Found a hazy altar of Hepliaklqana.
  5026 | D:7      | Reached * piety under Wu Jian
  5221 | D:7      | Found a burning altar of Makhleb.
  5222 | D:7      | Found a radiant altar of Vehumet.
  5276 | D:7      | Reached XP level 10. HP: 102/102 MP: 9/9
  5988 | D:8      | Reached skill level 9 in Unarmed Combat
  6111 | D:8      | Reached ** piety under Wu Jian
  6493 | D:9      | Reached skill level 5 in Dodging
  6713 | D:9      | Noticed Prince Ribbit
  6728 | D:9      | Killed Prince Ribbit
  7084 | D:9      | Found a white marble altar of Elyvilon.
  7150 | D:9      | Reached XP level 11. HP: 96/111 MP: 10/10
  7413 | D:10     | Entered Level 10 of the Dungeon
  7455 | D:10     | Noticed a two-headed ogre
  7465 | D:10     | Killed a two-headed ogre
  7551 | D:10     | Noticed a two-headed ogre
  7558 | D:10     | Killed a two-headed ogre
  7824 | D:10     | Noticed a two-headed ogre
  7835 | D:10     | Killed a two-headed ogre
  7892 | D:10     | Found a staircase to the Orcish Mines.
  7892 | D:10     | Noticed Josephine
  7913 | D:10     | Killed Josephine
  7914 | D:10     | Reached skill level 10 in Unarmed Combat
  7943 | D:10     | Reached *** piety under Wu Jian
  8230 | D:11     | HP: 2/113 [wolf (4)]
  8480 | D:11     | Found a staircase to the Lair.
  8616 | D:11     | Noticed a flayed ghost
  8629 | D:11     | HP: 5/115 [flayed ghost (23)]
  8642 | D:11     | Killed a flayed ghost
  8688 | D:11     | Identified the scarf of the Learner {harm, rPois Int+3
                  | Dex-3}
  9327 | D:12     | Reached skill level 10 in Shields
  9494 | D:12     | Found a portal to a secret trove of treasure.
  9518 | D:12     | Noticed a two-headed ogre
  9521 | D:12     | Noticed a green ugly thing
  9528 | D:12     | Killed a two-headed ogre
  9529 | D:12     | Reached XP level 12. HP: 76/123 MP: 11/11
  9665 | D:12     | Noticed an eight-headed hydra
  9674 | D:12     | Killed a 12-headed hydra
  9747 | D:12     | Reached skill level 11 in Unarmed Combat
 10167 | D:12     | Noticed a two-headed ogre
 10176 | D:12     | Killed a two-headed ogre
 10352 | D:13     | Noticed a centaur warrior
 10385 | D:13     | Killed a centaur warrior
 10676 | D:13     | Noticed Frances
 10693 | D:13     | Killed Frances
 10829 | D:13     | Found Axemeshe's Book Emporium.
 10837 | D:13     | Bought a book of the Earth for 540 gold pieces
 10844 | D:13     | Learned a level 6 spell: Statue Form
 11018 | D:13     | Noticed a vault guard
 11130 | D:13     | Noticed a vault guard
 11179 | D:13     | Reached skill level 10 in Fighting
 11259 | D:13     | Noticed an ogre mage
 11269 | D:13     | Killed an ogre mage
 11365 | D:13     | Found a gate to the Vaults.
 11365 | D:13     | Noticed a vault guard
 11365 | D:13     | Noticed a vault guard
 11371 | D:13     | Killed a vault guard
 11387 | D:13     | Killed a vault guard
 11431 | D:13     | Reached **** piety under Wu Jian
 11443 | D:13     | Killed a vault guard
 11552 | D:13     | Noticed a centaur warrior
 11561 | D:13     | Killed a centaur warrior
 11825 | Lair:1   | Entered Level 1 of the Lair of Beasts
 11875 | Lair:1   | Reached skill level 12 in Unarmed Combat
 11875 | Lair:1   | Reached XP level 13. HP: 121/133 MP: 12/12
 11947 | Lair:1   | HP: 9/199 [14-headed hydra (1)]
 11947 | Lair:1   | Slain by a 14-headed hydra

Illustrated notes

Levels and vault maps discovered:
D:1:      doesnt_arrival_eight_statues, layout_rooms, minmay_octomino_c4
D:2:      layout_basic, uniq_crazy_yiuf_cottage, uniq_natasha
D:3:      layout_basic, nicolae_qazlal_scattered_showers
D:4:      wad_lake_hut, layout_basic
D:5:      kennysheep_six_static_rooms, layout_rooms,
          gammafunk_temple_overflow_claw, minmay_temple_entry_enclosed_plants,
          gup_sewer_entry_pipe, minmay_circle_x, uniq_sigmund, uniq_duvessa
D:6:      layout_loops_cross, tgw_sif, marbit_many_paths,
          mainiacjoe_overflow_paths, uniq_pikel
D:7:      layout_basic, grunt_temple_overflow_lords_of_destruction,
          feat_on_display
D:8:      layout_loops_ring, roderic_serpentine_path
D:9:      layout_loops_ring, nicolae_elyvilon_peaceful_grove,
          uniq_prince_ribbit1
D:10:     lemuel_ice_statue, layout_basic, orc_0_dummy, uniq_josephine
D:11:     layout_loops_ring, hellmonk_lair_entry_icy, kennysheep_island_fort
D:12:     wad_pebble_path, layout_loops_ring, enter_trove_6, chequers_jeans,
          st_stairs_10
D:13:     layout_basic, grunt_vaults_entry_fortified, serial_shops,
          nicolae_book_shop_shelving, uniq_frances
Temple:   nicolae_temple_hex_pool
Lair:1:   layout_concentric_octagons, nicolae_quartered_pool_medium,
          nicolae_lair_grove_arrangements, chequers_serial_rivers_large_a,
          serial_bayou_pond_c

Skill      XL: |  1  2  3  4  5  6  7  8  9 10 11 12 |
---------------+-------------------------------------+-----
Shields        | 3 4 5 6 7 8 10 11 | 11.1
Fighting       | 3 4 5 6 7 8 9 10 | 10.2
Unarmed Combat | 3 4 5 7 8 9 10 12 | 12.0
Dodging        | 4 5 7 8 |  8.4

Action                     |  1- 3 |  4- 6 |  7- 9 | 10-12 | 13-15 || total
---------------------------+-------+-------+-------+-------+-------++-------
  Melee: Unarmed           |    95 |   137 |   333 |   698 |     9 ||  1272
  Throw: Dart              |       |       |     5 |    27 |     5 ||    37
Ability: Lunge             |       |       |     9 |    30 |       ||    39
         Whirlwind         |       |       |     2 |     4 |       ||     6
         Wall Jump         |       |       |       |       |     3 ||     3
    Use: Potion            |       |       |     2 |    18 |     2 ||    22
         Scroll            |       |       |    12 |    12 |       ||    24
   Stab: Sleeping          |       |     1 |       |       |       ||     1
 Armour: Robe              |    24 |    40 |   113 |    26 |       ||   203
         Acid dragon scale |       |       |       |   218 |    22 ||   240
         Skin              |       |       |       |       |    22 ||    22
  Dodge: Dodged            |    21 |    37 |   103 |   207 |    21 ||   389
  Block: Kite shield       |    37 |    41 |   120 |   313 |    18 ||   529

Table legend: (Time is in decaauts)
 A = Elapsed time spent in this place.
 B = Non-inter-level travel time spent in this place.
 C = Inter-level travel time spent in this place.
 D = Time resting spent in this place.
 E = Time spent auto-exploring this place.
 F = Levels seen in this place.
 G = Mean time per level.
                   A        B        C        D        E       F      G
               +--------+--------+--------+--------+--------+-----+--------+
         Total |  11844 |  10835 |   1009 |    234 |   8280 |  15 |  789.6 |
       Dungeon |  11607 |  10639 |    968 |    234 |   8152 |  13 |  892.8 |
        Temple |    114 |     73 |     41 |      0 |     61 |   1 |  114.0 |
          Lair |    122 |    122 |      0 |      0 |     67 |   1 |  122.0 |
               +--------+--------+--------+--------+--------+-----+--------+

Top non-repeatable levels by time:
    D:13: 1445 daAuts
    D:11: 1024 daAuts
    D:12: 1021 daAuts
     D:4: 997 daAuts
     D:6: 976 daAuts
     D:9: 943 daAuts
     D:8: 918 daAuts
     D:5: 895 daAuts
    D:10: 808 daAuts
     D:7: 754 daAuts
     D:3: 753 daAuts
     D:2: 558 daAuts
     D:1: 509 daAuts
  Lair:1: 122 daAuts
  Temple: 114 daAuts
